 Dungeon Crawl Stone Soup version 0.16-a0-1970-g0967df0 (webtiles) character file.

4 timbw the Caller (level 1, -1/11 HPs)
             Began as a High Elf Summoner on Nov 7, 2014.
             Slain by a giant gecko (2 damage)
             ... on level 3 of the Dungeon.
             The game lasted 00:01:51 (266 turns).

timbw the Caller (High Elf Summoner)                 Turns: 266, Time: 00:01:51

Health: -1/11      AC:  2    Str:  7    XL:     1   Next: 50%
Magic:  0/4        EV: 12    Int: 18    God:
Gold:   23         SH:  0    Dex: 15    Spells: 1 memorised, 4 levels left

rFire  . . .     SeeInvis .     f - +0 hand axe
rCold  . . .     Clarity  .     a - +0 robe
rNeg   . . .     SustAb   .     (no shield)
rPois  .         Gourm    .     (no helmet)
rElec  .         Spirit   .     (no cloak)
rCorr  .         Warding  .     (no gloves)
rMut   .         Stasis   .     (no boots)
MR     .....                    (no amulet)
Stlth  ++........               (no ring)
                                (no ring)

@: not resistant to hostile enchantments, unstealthy
A: no striking features
a: no special abilities


You were on level 3 of the Dungeon.
You were not hungry.

You visited 1 branch of the dungeon, and saw 3 of its levels.

You collected 23 gold pieces.

Inventory:

Hand weapons
 f - a +0 hand axe (weapon)
Missiles
 e - 22 stones (quivered)
Armour
 a - a +0 robe (worn)
Scrolls
 g - a scroll of random uselessness {unknown}
 i - 2 scrolls of immolation {unknown}
Potions
 d - a potion of curing {unknown}
 h - a potion of degeneration {unknown}
Books
 b - a book of Callings

   Spells                             Type                      Level
   *Summon Small Mammal               Summoning                    1
   Call Imp                           Summoning                    2
   Call Canine Familiar               Summoning                    3
   Summon Guardian Golem              Hexes/Summoning              4
   Summon Lightning Spire             Summoning/Air                4
   Summon Ice Beast                   Ice/Summoning                4
Comestibles
 c - a bread ration


   Skills:
 - Level 2.1 Dodging
 - Level 2.1 Stealth
 + Level 2.7 Spellcasting
 + Level 3.6 Summonings


You had 4 spell levels left.
You knew the following spells:

 Your Spells              Type           Power        Failure   Level  Hunger
a - Summon Small Mammal   Summ           ###.         4%          1    #......


Dungeon Overview and Level Annotations

Branches:
Dungeon (3/15)

Altars:
Trog


Message History

Confirm with . or Enter, or press ? or * to list all spells.
Your bat hits the giant gecko but does no damage.
Unknown command.
Your bat closely misses the giant gecko.
The giant gecko bites your rat.
Your rat dies!
Your rat's corpse disappears in a puff of smoke!
Casting: Summon Small Mammal
Confirm with . or Enter, or press ? or * to list all spells.
Your bat misses the giant gecko.
Unknown command.
Your bat hits the giant gecko.
Your quokka barely misses the giant gecko.
You barely miss the giant gecko.
The giant gecko is lightly wounded.
Your bat hits the giant gecko but does no damage.
The giant gecko barely misses you.
Your quokka closely misses the giant gecko.
The giant gecko bites you.
You die...

#.#...######
#..........##
###...###...#
# ##.
###...###.# #
#.......#.#
#..b......#
#..r...<###
#.####l..###
#.[...@....#
##########.#
.# . ##


You could see a giant gecko, a friendly quokka and a friendly bat.

Vanquished Creatures
  A ball python (D:1)
  A bat (D:2)
2 creatures vanquished.

Vanquished Creatures (collateral kills)
  A giant gecko (D:1)
  2 goblins (D:1)
3 creatures vanquished.

Vanquished Creatures (others)
  A quokka (D:1)
  2 bats (D:3)
  A rat (D:3)
4 creatures vanquished.

Grand Total: 9 creatures vanquished

Notes
Turn   | Place    | Note
--------------------------------------------------------------
     0 | D:1      | timbw, the High Elf Summoner, began the quest for the Orb.
     0 | D:1      | Reached XP level 1. HP: 11/11 MP: 4/4
     2 | D:1      | Noticed a naga
     2 | D:1      | Noticed a draconian
     4 | D:1      | Noticed a vampire
     4 | D:1      | Noticed a gargoyle
     6 | D:1      | Noticed a formicid
     8 | D:1      | Noticed an elf
    10 | D:1      | Noticed a spriggan
    12 | D:1      | Noticed a human
    12 | D:1      | Noticed an octopode
    14 | D:1      | Noticed a ghoul
    14 | D:1      | Noticed a tengu
    16 | D:1      | Noticed a vine stalker
    16 | D:1      | Noticed a minotaur
    18 | D:1      | Noticed a demonspawn
    20 | D:1      | Noticed a troll
    20 | D:1      | Noticed a felid
    22 | D:1      | Noticed a centaur
    24 | D:1      | Noticed a demigod
    24 | D:1      | Noticed a merfolk
    26 | D:1      | Noticed an ogre
    26 | D:1      | Noticed a dwarf
   208 | D:2      | Found a bloodstained altar of Trog.
   266 | D:3      | Slain by a giant gecko

Action                   || total
-------------------------++-------
Melee: Hand axe          ||     9
       Unarmed           ||     3
 Cast: Summon Small Mamm ||    11
